Map: Forgotten Sanctuary

Players

Infamous

  • Race: Protoss Protoss
  • League: Silver
  • Spawn Location: 6:00

HorseGreen

  • Race: Terran Terran
  • Spawn Location: 3:00

Buck

  • Race: Protoss Protoss
  • Spawn Location: 3:00

HAWK

  • Race: Zerg Zerg
  • Spawn Location: 6:00

LANCEELOT

  • Race: Protoss Protoss
  • Spawn Location: 12:00

Primal

  • Race: Zerg Zerg
  • Spawn Location: 12:00

charliePRO

  • Race: Protoss Protoss
  • Spawn Location: 9:00

FidelCashflO

  • Race: Protoss Protoss
  • Spawn Location: 9:00

VOD

Have the link to the VOD?

Description

Time

  • Played on: March 28, 2018, 1:48 p.m.
  • Length: 11:00
Show
View Real Time Build Order
Export as new Build Order

Infamous Protoss 

Build Orders: 1 Gate Expand 

Get SALT Encoding   

  12  0:01  Probe  
  13  0:13  Probe  
  14  0:18  Pylon  
  14  0:31  Probe  
  15  0:38  Gateway  
  15  0:43  Probe (Chrono Boost)  
  16  0:52  Assimilator  
  16  0:54  Probe (Chrono Boost)  
  17  0:59  Probe (Chrono Boost)  
  18  1:11  Probe  
  19  1:24  Probe  
  20  1:33  Nexus  
  20  1:43  Probe (Chrono Boost)  
  21  1:48  Cybernetics Core  
  20  1:58  Pylon  
  20  2:25  Warp Gate (Chrono Boost)  
  19  2:31  Probe, Stalker  
  19  2:43  Gateway  
  18  2:45  Gateway  
  17  3:02  Probe x2  
  17  3:04  Assimilator  
  16  3:14  Probe  
  17  3:21  Pylon  
  17  3:25  Stalker  
  19  3:31  Probe  
  21  3:34  Probe  
  19  4:16  Robotics Facility  
  19  4:18  Gateway  
  19  4:22  Zealot  
  19  4:35  Probe x2  
  21  4:41  Adept  
  23  4:58  Stalker  
  24  5:00  Probe x2  
  23  5:17  Immortal (Chrono Boost)  
  27  5:39  Zealot  
  27  5:40  Zealot x2  
  33  5:49  Observer (Chrono Boost)  
  28  5:59  Zealot  
  28  6:00  Zealot  
  29  6:22  Probe  
  29  6:24  Pylon  
  30  6:34  Probe (Chrono Boost)  
  30  6:38  Probe (Chrono Boost)  
  32  6:41  Zealot  
  34  6:56  Forge  
  34  6:57  Probe  
  34  6:59  Probe  
  36  7:12  Pylon  
  36  7:13  Probe (Chrono Boost)  
  38  7:18  Probe (Chrono Boost)  
  39  7:23  Probe (Chrono Boost)  
  39  7:32  Stalker x2  
  39  7:35  Sentry  
  45  7:56  Photon Cannon  
  45  7:57  Shield Battery  
  45  7:58  Photon Cannon  
  45  8:19  Stalker x2  
  49  8:20  Stalker  
  51  8:48  Zealot  
  45  8:49  Zealot  
  43  9:17  Probe (Chrono Boost)  
  43  9:19  Probe (Chrono Boost)  
  45  9:24  Photon Cannon  
  45  9:26  Photon Cannon  
  45  9:28  Shield Battery  
  45  9:30  Probe (Chrono Boost)  
  47  9:34  Probe (Chrono Boost)  
  47  9:36  Probe (Chrono Boost)  
  48  9:40  Stalker x2  
  48  9:41  Probe, Stalker x2  
  48  9:45  Immortal  
  37  9:54  Probe  
  36  10:13  Zealot x2  
  36  10:14  Zealot x2  
  24  10:42  Zealot  
  23  10:43  Zealot x2  
Show
View Real Time Build Order
Export as new Build Order

HorseGreen Terran 

Build Orders:  

Get SALT Encoding   

  12  0:03  SCV  
  13  0:15  SCV  
  14  0:28  SCV  
  15  0:29  Supply Depot  
  15  0:32  Refinery  
  15  0:51  SCV  
  16  0:59  Barracks  
  16  1:09  SCV  
  17  1:12  Refinery  
  17  1:21  SCV, Engineering Bay  
  18  1:33  SCV  
  19  1:45  SCV  
  20  1:50  Barracks Reactor  
  20  1:55  Supply Depot  
  20  1:57  SCV  
  21  2:20  Barracks  
  21  2:27  Supply Depot  
  21  2:32  Marine x2  
  23  2:49  Marine  
  23  2:50  Marine  
  25  3:01  Bunker  
  25  3:07  Marine x2  
  25  3:12  SCV  
  28  3:15  Terran Infantry Weapons Level 1  
  28  3:21  Factory  
  28  3:24  SCV  
  28  3:25  Marine x2  
  31  3:36  SCV  
  31  3:37  Missile Turret  
  32  3:49  Barracks Reactor  
  32  4:26  SCV  
  32  4:30  Command Center  
  33  4:31  Factory Tech Lab  
  33  4:41  Starport  
  33  4:49  Missile Turret  
  33  5:12  Armory  
  33  5:14  Siege Tank  
  33  5:20  Reaper x2  
  38  5:45  Starport Tech Lab  
  38  5:52  Reaper x2  
  40  6:06  Fusion Core  
  39  6:24  Reaper x2  
  41  6:40  Thor  
  47  6:51  SCV  
  48  7:03  SCV  
  46  7:52  SCV  
  45  8:04  SCV  
  46  8:06  Supply Depot  
  46  8:07  Neosteel Frame  
  46  8:28  Siege Tank, SCV  
  50  9:00  Siege Tank  
  53  9:04  Refinery  
  53  9:05  Planetary Fortress  
  53  9:07  Planetary Fortress  
  53  9:10  Refinery  
  51  9:32  Siege Tank  
  49  10:07  SCV  
  50  10:19  SCV  
  51  10:31  SCV  
  52  10:43  SCV  
  53  10:59  Missile Turret  
Show
View Real Time Build Order
Export as new Build Order

Buck Protoss 

Build Orders: Double Forge 

Get SALT Encoding   

  12  0:02  Probe  
  13  0:14  Probe  
  13  0:19  Pylon  
  14  0:26  Probe  
  15  0:38  Probe (Chrono Boost)  
  16  0:48  Probe (Chrono Boost)  
  17  0:53  Probe (Chrono Boost)  
  18  1:05  Probe  
  19  1:15  Nexus  
  19  1:34  Nexus  
  19  1:44  Pylon  
  19  2:36  Gateway  
  19  2:38  Gateway  
  19  2:46  Nexus  
  19  2:56  Probe x2 (Chrono Boost)  
  23  3:06  Probe x2 (Chrono Boost)  
  23  3:11  Probe x2 (Chrono Boost)  
  25  3:25  Probe (Chrono Boost), Assimilator  
  25  3:26  Probe x2 (Chrono Boost)  
  28  3:28  Assimilator  
  28  3:36  Probe (Chrono Boost)  
  28  3:37  Cybernetics Core  
  28  3:38  Probe x2 (Chrono Boost)  
  28  3:39  Cybernetics Core  
  31  3:41  Probe (Chrono Boost)  
  31  3:42  Forge x2  
  31  3:46  Forge  
  32  3:55  Probe (Chrono Boost)  
  35  3:56  Probe (Chrono Boost)  
  35  3:57  Probe (Chrono Boost)  
  35  4:05  Probe (Chrono Boost)  
  35  4:06  Probe (Chrono Boost)  
  39  4:11  Probe x2 (Chrono Boost)  
  39  4:15  Probe x2 (Chrono Boost)  
  41  4:19  Probe (Chrono Boost)  
  41  4:23  Probe x2 (Chrono Boost)  
  44  4:24  Probe (Chrono Boost)  
  44  4:28  Pylon  
  44  4:29  Pylon  
  45  4:34  Pylon  
  45  4:35  Pylon  
  46  4:39  Probe x2 (Chrono Boost)  
  46  4:45  Probe (Chrono Boost)  
  48  4:49  Probe (Chrono Boost)  
  48  4:51  Probe (Chrono Boost)  
  51  4:53  Probe (Chrono Boost)  
  51  4:54  Probe (Chrono Boost)  
  51  4:56  Photon Cannon  
  51  4:57  Photon Cannon  
  51  4:59  Photon Cannon  
  52  5:00  Photon Cannon  
  52  5:01  Photon Cannon  
  52  5:03  Probe  
  52  5:04  Assimilator  
  52  5:05  Probe  
  54  5:08  Assimilator  
  54  5:12  Assimilator  
  54  5:14  Assimilator  
  54  5:18  Probe (Chrono Boost)  
  54  5:20  Probe (Chrono Boost)  
  50  5:22  Probe (Chrono Boost)  
  50  5:32  Probe (Chrono Boost)  
  50  5:33  Probe (Chrono Boost)  
  50  5:37  Probe (Chrono Boost)  
  51  5:46  Pylon  
  51  5:48  Probe  
  51  6:00  Probe  
  52  6:07  Photon Cannon  
  52  6:08  Photon Cannon  
  46  6:57  Assimilator  
  46  7:01  Assimilator  
  43  7:02  Probe (Chrono Boost)  
  41  7:12  Probe (Chrono Boost)  
  41  7:15  Photon Cannon  
  42  7:17  Probe (Chrono Boost), Photon Cannon  
  42  7:20  Photon Cannon  
  42  7:22  Photon Cannon  
  43  7:25  Photon Cannon  
  43  7:28  Probe  
  44  7:31  Photon Cannon  
  44  7:40  Probe  
  43  8:35  Pylon  
  43  8:37  Pylon  
  43  8:38  Pylon  
  43  8:40  Pylon  
  43  8:43  Probe (Chrono Boost)  
  44  8:53  Probe (Chrono Boost)  
  45  8:58  Probe (Chrono Boost)  
  46  9:10  Probe  
  35  9:22  Probe  
  32  9:30  Nexus  
  32  9:38  Nexus  
  32  9:41  Assimilator  
  32  9:45  Assimilator  
  32  9:59  Assimilator  
  32  10:04  Assimilator  
  27  10:59  Nexus  
Show
View Real Time Build Order
Export as new Build Order

HAWK Zerg 

Build Orders: Hatch First 

Get SALT Encoding   

  12  0:01  Drone  
  13  0:12  Overlord  
  13  0:18  Drone  
  14  0:30  Drone  
  14  0:31  Drone  
  16  0:36  Drone  
  17  0:54  Hatchery  
  16  1:08  Spawning Pool  
  15  1:13  Drone, Extractor  
  15  1:15  Drone  
  16  1:19  Drone  
  17  1:26  Drone  
  18  1:41  Drone  
  19  1:55  Queen, Zergling x2  
  22  2:08  Zergling x2  
  23  2:21  Zergling x8  
  27  2:24  Spine Crawler  
  25  2:40  Zergling x6  
  23  3:17  Zergling x6  
  23  3:19  Queen  
  24  3:22  Zergling x2  
  24  3:23  Overlord x2  
  27  3:31  Metabolic Boost  
  27  3:57  Zergling x2  
  27  3:58  Zergling x8  
  28  4:12  Roach Warren  
  28  4:14  Zergling x6  
  28  4:27  Zergling x6  
  28  4:28  Zergling x2  
  24  4:56  Zergling x8  
  25  5:08  Drone x3  
  28  5:18  Zergling x8  
  29  5:32  Lair  
  29  5:49  Spore Crawler  
  28  5:50  Spore Crawler  
  28  5:53  Drone x3  
  28  5:54  Drone  
  29  6:13  Drone x5  
  29  6:14  Drone x2  
  36  6:18  Roach  
  36  6:19  Extractor, Roach x3  
  36  6:23  Overlord x2  
  43  6:42  Drone x4  
  43  6:44  Overlord x2  
  47  6:50  Glial Reconstitution  
  47  6:52  Drone  
  48  6:56  Zergling x4  
  50  7:16  Drone x3  
  50  7:17  Roach x3  
  50  7:18  Roach x2  
  63  7:44  Roach x2  
  63  7:45  Roach x4  
  63  7:46  Overlord x2  
  63  7:50  Extractor  
  74  8:21  Zergling x2  
  74  8:22  Zergling x14  
  82  8:31  Overseer  
  64  9:04  Queen  
  64  9:05  Drone x4  
  64  9:06  Drone x2  
  64  9:09  Zergling x4  
  75  9:10  Zergling x6  
Show
View Real Time Build Order
Export as new Build Order

LANCEELOT Protoss 

Build Orders: Double Forge 

Get SALT Encoding   

  12  0:02  Probe (Chrono Boost)  
  13  0:12  Probe (Chrono Boost)  
  14  0:17  Probe (Chrono Boost)  
  15  0:22  Pylon  
  15  0:38  Pylon  
  15  0:40  Probe  
  16  0:49  Assimilator  
  16  0:52  Probe  
  17  0:58  Forge  
  17  1:02  Assimilator  
  17  1:06  Probe  
  18  1:23  Probe  
  19  1:29  Forge  
  19  1:35  Probe  
  20  2:06  Pylon  
  20  2:11  Pylon  
  20  2:26  Photon Cannon  
  20  2:32  Photon Cannon  
  20  2:35  Photon Cannon  
  19  3:02  Protoss Shields Level 1  
  19  3:06  Gateway  
  19  3:11  Photon Cannon  
  19  3:35  Pylon  
  19  3:37  Photon Cannon  
  18  4:08  Zealot  
  20  4:16  Cybernetics Core  
  20  4:21  Probe (Chrono Boost)  
  22  4:31  Probe (Chrono Boost)  
  22  4:35  Zealot  
  22  4:36  Probe (Chrono Boost)  
  25  4:48  Probe  
  26  5:01  Pylon  
  26  5:02  Zealot  
  28  5:09  Pylon  
  28  5:14  Warp Gate  
  28  5:23  Twilight Council  
  28  5:30  Photon Cannon  
  28  5:31  Photon Cannon  
  28  5:37  Photon Cannon  
  28  5:52  Photon Cannon  
  28  6:00  Photon Cannon  
  27  6:43  Nexus  
  27  6:47  Dark Shrine  
  23  6:57  Gateway  
  23  7:00  Gateway  
  21  7:42  Assimilator  
  21  7:47  Probe (Chrono Boost)  
  21  7:48  Assimilator  
  22  7:58  Probe (Chrono Boost)  
  23  8:02  Probe (Chrono Boost)  
  24  8:13  Probe  
  24  8:16  Pylon  
  25  8:20  Shadow Stride  
  25  8:25  Probe  
  26  8:31  Pylon  
  26  8:42  Pylon  
  26  8:56  Probe  
  27  9:03  Dark Templar x3  
  27  9:08  Probe  
  34  9:20  Probe  
  35  9:33  Probe  
  36  9:45  Probe  
  37  10:24  Gateway  
  37  10:26  Gateway  
  37  10:28  Gateway  
  37  10:29  Gateway  
  37  10:30  Gateway  
  37  10:33  Gateway  
  37  10:37  Gateway  
Show
View Real Time Build Order
Export as new Build Order

Primal Zerg 

Build Orders: Pool First 

Get SALT Encoding   

  12  0:03  Drone  
  13  0:10  Drone  
  14  0:32  Spawning Pool  
  14  0:33  Drone  
  14  0:38  Overlord  
  14  0:58  Drone  
  14  0:59  Drone  
  16  1:05  Drone, Extractor  
  16  1:22  Zergling x4  
  18  1:32  Zergling x2  
  19  1:52  Queen, Zergling x2  
  22  2:06  Overlord  
  21  2:59  Zergling x2  
  21  3:00  Zergling x4  
  24  3:11  Zergling x2  
  22  3:28  Hatchery  
  21  3:40  Zergling x4  
  22  4:06  Zergling x2  
  22  4:07  Zergling x6  
  26  4:25  Zergling x4  
  26  4:29  Spine Crawler  
  26  4:58  Drone  
  26  4:59  Drone x3  
  23  5:31  Drone  
  23  5:32  Drone x3  
  24  5:43  Drone x2  
  24  5:44  Drone  
  27  5:54  Drone x2  
  27  5:56  Extractor  
  28  5:59  Evolution Chamber  
  28  6:00  Evolution Chamber  
  26  6:11  Drone  
  26  6:12  Drone x2  
  29  6:20  Lair  
  29  6:28  Spine Crawler  
  28  6:34  Spine Crawler  
  28  6:36  Drone  
  28  6:37  Drone x4, Spine Crawler  
  31  6:41  Zerg Melee Weapons Level 1  
  31  6:42  Zerg Ground Armor Level 1  
  31  6:46  Drone x3  
  34  6:48  Overlord x2  
  34  6:51  Queen  
  36  7:08  Drone x2  
  38  7:13  Extractor  
  38  7:15  Extractor  
  36  7:22  Zergling x2  
  37  7:23  Zergling x10  
  37  7:25  Nydus Network  
  37  7:29  Baneling Nest  
  40  7:33  Drone x2  
  42  7:42  Drone x2  
  44  7:48  Metabolic Boost  
  44  8:12  Baneling x8  
  44  8:14  Zergling x16  
  52  8:21  Nydus Canal  
  52  8:33  Overlord x2  
  47  8:49  Zergling x4  
  47  8:50  Zergling x4  
  47  8:52  Zergling x2  
  47  8:54  Nydus Canal  
  47  9:09  Infestation Pit  
  46  9:14  Nydus Canal  
  46  9:20  Zergling x2  
  46  9:21  Zergling x6  
  50  9:29  Zergling x4  
  50  9:30  Zergling x6  
  52  9:42  Zergling x4  
  50  9:49  Nydus Canal  
  48  9:55  Drone  
  48  9:56  Drone x2  
  50  10:25  Zergling x10  
  53  10:36  Hatchery  
  53  10:40  Nydus Canal  
  52  10:54  Nydus Canal  
Show
View Real Time Build Order
Export as new Build Order

charliePRO Protoss 

Build Orders: Double Forge 

Get SALT Encoding   

  12  0:09  Probe (Chrono Boost)  
  13  0:19  Probe (Chrono Boost)  
  14  0:59  Probe  
  15  1:04  Pylon  
  15  1:09  Assimilator  
  15  1:17  Pylon  
  15  1:22  Probe, Assimilator  
  16  1:34  Probe  
  17  1:40  Gateway  
  17  1:46  Probe  
  18  1:58  Probe  
  19  2:10  Probe  
  20  2:18  Forge  
  20  2:23  Probe  
  20  2:28  Nexus  
  21  2:35  Probe (Chrono Boost)  
  22  2:43  Pylon  
  23  2:46  Probe (Chrono Boost)  
  23  2:51  Probe (Chrono Boost)  
  23  2:57  Assimilator  
  24  3:00  Assimilator  
  24  3:01  Probe  
  24  3:02  Photon Cannon  
  25  3:13  Probe (Chrono Boost)  
  26  3:23  Probe (Chrono Boost)  
  27  3:28  Probe (Chrono Boost)  
  28  3:36  Cybernetics Core  
  28  3:39  Probe (Chrono Boost)  
  29  3:45  Probe (Chrono Boost)  
  29  3:47  Probe (Chrono Boost)  
  31  3:53  Probe (Chrono Boost)  
  33  3:59  Probe (Chrono Boost)  
  33  4:01  Probe (Chrono Boost)  
  34  4:03  Pylon  
  34  4:06  Probe  
  34  4:07  Probe  
  34  4:08  Pylon  
  36  4:20  Probe  
  36  4:22  Robotics Facility  
  37  4:28  Probe, Pylon  
  38  4:33  Probe (Chrono Boost)  
  39  4:40  Probe (Chrono Boost)  
  40  4:49  Probe (Chrono Boost), Forge  
  41  4:54  Probe (Chrono Boost)  
  42  5:06  Pylon, Probe  
  43  5:22  Immortal  
  43  5:23  Pylon  
  43  5:25  Robotics Facility, Protoss Ground Weapons Level 1, Protoss Ground Armor Level 1  
  47  5:34  Photon Cannon  
  47  5:45  Robotics Facility  
  47  5:46  Pylon  
  47  5:49  Probe  
  48  5:58  Pylon  
  48  6:01  Probe, Observer  
  48  6:02  Pylon  
  50  6:05  Pylon  
  50  6:18  Forge  
  50  6:22  Immortal  
  50  6:23  Pylon  
  54  6:32  Photon Cannon  
  54  6:36  Immortal  
  54  6:37  Immortal, Photon Cannon  
  62  6:47  Robotics Bay  
  62  6:59  Protoss Shields Level 1  
  62  7:17  Nexus  
  62  7:21  Assimilator  
  62  7:26  Assimilator  
  62  7:28  Pylon  
  62  7:32  Twilight Council  
  62  7:36  Immortal  
  66  7:37  Immortal  
  70  7:56  Colossus  
  76  8:13  Nexus  
  76  8:15  Colossus  
  76  8:16  Observer  
  76  8:17  Assimilator  
  76  8:19  Assimilator  
  83  8:21  Pylon  
  83  8:24  Protoss Ground Weapons Level 2  
  83  8:25  Pylon, Protoss Ground Armor Level 2  
  83  8:28  Pylon  
  83  8:52  Colossus x2  
  83  8:54  Observer Gravitic Boosters (Chrono Boost)  
  95  9:02  Probe  
  96  9:14  Pylon, Probe  
  97  9:26  Probe  
  98  9:33  Robotics Facility  
  98  9:37  Robotics Facility  
  98  9:39  Probe  
  99  9:51  Probe  
  96  10:02  Immortal x3  
  103  10:28  Observer  
  103  10:29  Observer  
Show
View Real Time Build Order
Export as new Build Order

FidelCashflO Protoss 

Build Orders: Dark Templar Rush 

Get SALT Encoding   

  12  0:01  Probe  
  13  0:13  Probe  
  14  0:18  Pylon  
  14  1:01  Probe (Chrono Boost)  
  15  1:07  Gateway  
  15  1:09  Assimilator  
  15  1:10  Assimilator  
  16  1:12  Probe (Chrono Boost)  
  16  1:17  Probe (Chrono Boost)  
  17  1:28  Probe  
  17  1:31  Nexus  
  18  1:40  Probe  
  19  1:52  Probe (Chrono Boost)  
  20  1:57  Cybernetics Core  
  21  2:02  Probe (Chrono Boost)  
  21  2:05  Pylon  
  21  2:07  Probe (Chrono Boost)  
  22  2:18  Probe (Chrono Boost)  
  24  2:30  Probe (Chrono Boost)  
  24  2:31  Warp Gate (Chrono Boost)  
  24  2:35  Probe (Chrono Boost)  
  25  2:38  Twilight Council  
  25  2:44  Gateway  
  25  2:49  Gateway  
  25  2:53  Probe  
  25  2:54  Probe  
  27  3:05  Probe  
  28  3:06  Probe  
  29  3:17  Probe (Chrono Boost)  
  29  3:18  Dark Shrine  
  31  3:24  Probe (Chrono Boost)  
  32  3:28  Probe (Chrono Boost)  
  32  3:32  Probe (Chrono Boost)  
  33  3:41  Probe  
  33  3:42  Probe  
  33  3:43  Pylon  
  33  3:46  Robotics Facility  
  35  3:48  Pylon  
  35  3:53  Probe  
  35  3:55  Probe  
  37  4:05  Probe (Chrono Boost)  
  37  4:07  Probe (Chrono Boost)  
  39  4:13  Assimilator  
  39  4:15  Assimilator  
  41  4:17  Probe (Chrono Boost)  
  41  4:18  Probe (Chrono Boost)  
  41  4:21  Probe (Chrono Boost)  
  41  4:22  Probe (Chrono Boost)  
  43  4:31  Dark Templar x3  
  43  4:34  Probe  
  43  4:35  Probe  
  51  4:47  Probe x2  
  52  4:56  Nexus  
  52  4:59  Probe x2  
  54  5:04  Dark Templar x3  
  60  5:09  Pylon  
  60  5:11  Probe x2  
  62  5:21  Pylon  
  62  5:22  Pylon  
  62  5:38  Stalker x3  
  62  5:40  Probe x2  
  70  5:52  Probe x2  
  72  6:04  Probe x2  
  72  6:05  Gateway  
  72  6:07  Gateway  
  72  6:09  Gateway  
  72  6:11  Forge  
  68  6:16  Probe  
  68  6:17  Probe  
  70  6:19  Zealot x2  
  70  6:21  Zealot  
  70  6:23  Probe  
  77  6:28  Probe  
  77  6:29  Probe  
  79  6:32  Pylon  
  79  6:35  Probe  
  80  6:40  Probe  
  80  6:41  Probe  
  80  6:46  Protoss Ground Weapons Level 1 (Chrono Boost)  
  82  6:47  Probe  
  82  6:48  Assimilator  
  82  6:53  Probe x2, Assimilator  
  85  6:55  Templar Archives  
  85  7:05  Probe  
  85  7:06  Probe x2  
  88  7:09  Stalker x3, Blink (Chrono Boost)  
  88  7:10  Immortal  
  98  7:18  Zealot x3  
  103  7:34  Stalker x3  
  109  7:39  Pylon  
  109  7:40  Pylon  
  109  7:42  Pylon  
  109  7:44  Psionic Storm  
  109  7:50  Gateway  
  107  7:52  Gateway  
  107  7:53  Gateway  
  107  7:58  Immortal  
  111  8:00  Probe x2  
  111  8:03  Probe  
  114  8:08  Pylon, Photon Cannon  
  114  8:10  Pylon  
  114  8:12  Probe  
  115  8:17  Stalker x5  
  125  8:27  Probe x2  
  125  8:28  Probe  
  128  8:37  Immortal, Photon Cannon  
  128  8:39  Probe  
  128  8:40  Probe  
  118  9:05  Nexus  
  118  9:09  Assimilator  
  118  9:11  Forge  
  118  9:13  Assimilator  
  118  9:15  Pylon  
  118  9:16  Pylon  
  118  9:19  Pylon  
  118  9:20  Dark Templar x3  
  118  9:23  Zealot x4  
  118  9:24  Charge (Chrono Boost), Zealot  
  134  9:46  Immortal  
  132  10:01  Stalker x2  
  132  10:02  Stalker x4  
  132  10:03  Stalker x2  
  148  10:27  High Templar x4  
  148  10:28  High Templar x4  
  162  10:33  Probe x4  
  172  10:37  Photon Cannon  
  172  10:45  Probe  
Tags
 
Add a new tag
Caveats
  • Supply blocks, unpowered buildings, or Contaminate may cause inaccurate times.
  • Supply counts are checked every 10 seconds.